Blue Jackets vs Flyers
(R1)
Created - 6 janvier 2013 at 10:44
Goals
|
| Blue Jackets |
0 |
1 |
1 |
2 |
| Flyers |
1 |
0 |
0 |
1 |
|
Shots
|
| Blue Jackets |
11 |
12 |
16 |
39 |
| Flyers |
8 |
12 |
13 |
33 |
|
1st period
1. Flyers , Simon Gagné 8 (Marc Savard, Ed Jovanovski) at 13:47
Penalties :
Vincent Lecavalier (Clb) for Hooking (Minor) at 0:12, Eric Godard (Phi) for Tripping (Minor) at 2:40, Eric Godard (Phi) for High sticking (Minor) at 7:34, Christian Hanson (Clb) for Delaying the game (Minor) at 7:34, Steve Montador (Phi) for High sticking (Minor) at 13:56, Shane Doan (Phi) for Hooking (Minor) at 17:29
2nd period
2. Blue Jackets , Greg Campbell 3 (Kevin Bieksa, Daymond Langkow) at 0:56
Penalties :
Miroslav Satan (Phi) for Boarding (Minor) at 1:19, Ales Kotalik (Clb) for High sticking (Minor) at 1:19, Glen Murray (Clb) for Slashing (Double Minor) at 7:30, Kevin Bieksa (Clb) for Boarding (Minor) at 13:13, Martin St. Louis (Phi) for Holding (Minor) at 17:56
3rd period
3. Blue Jackets , Kevin Bieksa 2 (Daymond Langkow, Vincent Lecavalier) at 1:58 (PP)
Penalties :
Marcel Goc (Phi) for Interference (Minor) at 0:32, Glen Murray (Clb) for Roughing (Minor) at 0:32, Jeff O'Neill (Phi) for Hooking (Minor) at 1:52
Goalie Stats
Jaroslav Halak (Clb), 32 saves from 33 shots - (0,970), W, 7-3-2, 60:00 minutes
Chris Mason (Phi), 37 saves from 39 shots - (0,949), L, 6-5-1, 59:00 minutes
Players Stats for Blue Jackets
Player Name G A P +/- PIM S H SB GA TA FO MP PP MP PK MP
------------------------------------------------------------------------------------
Ales Kotalik 0 0 0 -1 2 1 0 1 0 0 0/0 12:39 4:06 0:00
Brad Stuart 0 0 0 0 0 3 2 1 0 1 0/0 23:25 4:25 3:45
Christian Hanson 0 0 0 0 2 0 0 0 0 0 1/4 9:06 0:00 1:40
David Booth 0 0 0 0 0 1 3 0 1 0 0/1 21:28 5:04 3:18
Daymond Langkow 0 2 2 -1 0 5 6 1 0 0 5/12 17:37 4:06 2:20
Derek Morris 0 0 0 1 0 0 2 0 0 1 0/0 28:43 4:51 4:10
Drew Fata 0 0 0 0 0 3 1 0 0 1 0/0 22:23 4:25 2:42
Glen Murray 0 0 0 0 6 5 2 0 0 0 2/6 21:50 5:10 2:12
Greg Campbell 1 0 1 1 0 3 1 0 0 0 5/9 10:29 0:18 0:00
Jason Ward 0 0 0 0 0 1 0 1 0 0 0/0 7:17 0:00 0:00
Justin Williams 0 0 0 1 0 1 0 0 1 0 0/0 8:36 0:00 0:00
Kevin Bieksa 1 1 2 1 2 4 1 1 0 1 0/0 27:12 4:51 2:39
Kristian Huselius 0 0 0 -1 0 2 1 1 0 0 0/0 13:52 4:06 1:13
Michael Frolik 0 0 0 1 0 1 0 0 0 0 0/0 8:57 0:00 0:21
Nick Boynton 0 0 0 -1 0 1 0 2 0 0 0/0 9:23 0:00 1:33
Sergei Brylin 0 0 0 0 0 0 1 0 0 0 1/1 10:27 0:00 2:11
Shaone Morrisonn 0 0 0 -1 0 0 1 1 0 0 0/0 8:54 0:00 1:05
Vincent Lecavalier 0 1 1 0 2 8 1 0 0 0 22/37 23:42 4:58 2:39
Players Stats for Flyers
Player Name G A P +/- PIM S H SB GA TA FO MP PP MP PK MP
------------------------------------------------------------------------------------
Andrei Kostitsyn 0 0 0 0 0 3 1 2 1 0 0/0 12:14 0:52 1:53
Brian Campbell 0 0 0 0 0 1 2 3 0 0 0/0 22:43 4:25 0:53
Brooks Orpik 0 0 0 0 0 0 2 2 0 0 0/0 17:58 2:56 3:00
Ed Jovanovski 0 1 1 0 0 2 3 1 0 0 0/0 26:18 4:25 5:45
Eric Godard 0 0 0 0 4 0 0 0 0 1 0/1 7:21 0:52 0:00
Jeff O'Neill 0 0 0 0 2 4 4 1 0 0 11/18 15:15 0:09 4:28
Kyle Wellwood 0 0 0 0 0 1 0 0 0 0 2/8 9:13 0:00 3:26
Loui Eriksson 0 0 0 -1 0 1 2 0 0 0 0/0 12:29 3:26 0:00
Marc Savard 0 1 1 1 0 3 1 0 0 0 16/32 20:05 3:39 0:00
Marcel Goc 0 0 0 -1 2 0 0 0 0 0 1/5 12:14 3:23 0:00
Mark Bell 0 0 0 0 0 3 0 0 1 0 0/0 7:55 0:00 2:08
Martin St. Louis 0 0 0 -1 2 3 2 0 0 0 1/2 16:13 3:39 2:48
Matt Jones 0 0 0 0 0 0 1 0 0 0 0/0 13:51 0:00 3:37
Miroslav Satan 0 0 0 1 2 2 1 0 0 0 1/2 12:17 0:46 0:00
Scott Hannan 0 0 0 0 0 1 0 0 1 0 0/0 15:04 3:24 1:01
Shane Doan 0 0 0 0 2 3 1 1 0 0 2/2 19:03 3:26 3:55
Simon Gagné 1 0 1 1 0 6 2 0 1 0 0/0 20:05 3:39 0:00
Steve Montador 0 0 0 0 2 0 1 1 0 1 0/0 24:15 0:44 4:28
3 Stars
1 - Jaroslav Halak (Clb)
2 - Daymond Langkow (Clb)
3 - Kevin Bieksa (Clb)
Power Play
Blue Jackets - 1 on 5 Attempt(s) - 20,00%
Flyers - 0 on 4 Attempt(s) - 0,00%
Penalty Kill
Blue Jackets - 4 on 4 Attempt(s) - 100,00%
- Score 0 goal in Penalty Kill
Flyers - 4 on 5 Attempt(s) - 80,00%
- Score 0 goal in Penalty Kill
Official
Referees : McCauley Wes and StPierre Justin
Linesman : Brian Mach and Jay Sharrers
Game Notes
No Game Note
Finance
Level 1 -- Attendance: 5898 (98,30%) -- Ticket Income 548 514 $
Level 2 -- Attendance: 4525 (90,50%) -- Ticket Income 235 300 $
Level 3 -- Attendance: 1764 (88,20%) -- Ticket Income 56 448 $
Level 4 -- Attendance: 4000 (100,00%) -- Ticket Income 80 000 $
Luxury Box -- Attendance: 1000 (100,00%) -- Ticket Income 179 000 $
Game was played at the Spectrum
Total Attendance: 17187 (95,48%)
Total Ticket Income: 1 099 262 $
Total Income: 1 099 262 $
Blue Jackets
5 vs 5 Forward
Center Left Wing Right Wing Time % Phy DF OF
1 Vincent Lecavalier David Booth Glen Murray 40 1 2 2
2 Daymond Langkow Kristian Huselius Ales Kotalik 30 1 2 2
3 Greg Campbell Michael Frolik Justin Williams 20 1 2 2
4 Christian Hanson Sergei Brylin Jason Ward 10 1 2 2
5 vs 5 Defense
Defense Defense Time % Phy DF OF
1 Derek Morris Kevin Bieksa 40 1 2 2
2 Brad Stuart Drew Fata 30 1 2 2
3 Nick Boynton Shaone Morrisonn 20 1 2 2
4 Kevin Bieksa Derek Morris 10 1 2 2
PowerPlay Forward
Center Left Wing Right Wing Time % Phy DF OF
1 Vincent Lecavalier David Booth Glen Murray 60 1 2 2
2 Daymond Langkow Kristian Huselius Ales Kotalik 40 1 2 2
PowerPlay Defense
Defense Defense Time % Phy DF OF
1 Derek Morris Kevin Bieksa 60 1 2 2
2 Brad Stuart Drew Fata 40 1 2 2
Penalty Kill 4 Players Forward
Center Wing Time % Phy DF OF
1 Vincent Lecavalier Glen Murray 60 1 2 2
2 Daymond Langkow David Booth 40 1 2 2
Penalty Kill 4 Players Defense
Defense Defense Time % Phy DF OF
1 Derek Morris Kevin Bieksa 60 1 2 2
2 Brad Stuart Drew Fata 40 1 2 2
Penalty Kill - 3 Players Forward
Forward Time % Phy DF OF
1 Vincent Lecavalier 60 1 2 2
2 Glen Murray 40 1 2 2
Penalty Kill - 3 Players Defense
Defense Defense Time % Phy DF OF
1 Derek Morris Kevin Bieksa 60 1 2 2
2 Brad Stuart Drew Fata 40 1 2 2
4 vs 4 Forward
Center Wing Time % Phy DF OF
1 Vincent Lecavalier Glen Murray 60 1 2 2
2 Daymond Langkow David Booth 40 1 2 2
4 vs 4 Defense
Defense Defense Time % Phy DF OF
1 Derek Morris Kevin Bieksa 60 1 2 2
2 Brad Stuart Drew Fata 40 1 2 2
Last Minutes Offensive
Center Left Wing Right Wing Defense Defense
Vincent Lecavalier David Booth Glen Murray Derek Morris Kevin Bieksa
Last Minutes Defensive
Center Left Wing Right Wing Defense Defense
Vincent Lecavalier David Booth Glen Murray Derek Morris Kevin Bieksa
Goaltenders
Starting : Jaroslav Halak
Backup : Brent Johnson
Extra Forwards
Normal : Daymond Langkow, Greg Campbell, Sergei Brylin - PP : Vincent Lecavalier, Greg Campbell - PK : Sergei Brylin
Extra Defensemen
Normal : Nick Boynton, Kevin Bieksa, Derek Morris - PP : Nick Boynton - PK : Kevin Bieksa, Derek Morris
Penalty Shots
Vincent Lecavalier, Glen Murray, David Booth, Daymond Langkow, Michael Frolik
Flyers
5 vs 5 Forward
Center Left Wing Right Wing Time % Phy DF OF
1 Marc Savard Simon Gagné Miroslav Satan 40 0 1 4
2 Jeff O'Neill Andrei Kostitsyn Shane Doan 30 0 2 3
3 Marcel Goc Loui Eriksson Martin St. Louis 20 0 2 3
4 Kyle Wellwood Mark Bell Eric Godard 10 2 2 1
5 vs 5 Defense
Defense Defense Time % Phy DF OF
1 Steve Montador Ed Jovanovski 40 2 2 1
2 Brooks Orpik Brian Campbell 30 1 2 2
3 Scott Hannan Matt Jones 20 0 3 2
4 Steve Montador Brian Campbell 10 1 2 2
PowerPlay Forward
Center Left Wing Right Wing Time % Phy DF OF
1 Marc Savard Simon Gagné Martin St. Louis 60 0 0 5
2 Marcel Goc Loui Eriksson Shane Doan 40 1 1 3
PowerPlay Defense
Defense Defense Time % Phy DF OF
1 Ed Jovanovski Brian Campbell 60 0 0 5
2 Scott Hannan Brooks Orpik 40 2 1 2
Penalty Kill 4 Players Forward
Center Wing Time % Phy DF OF
1 Jeff O'Neill Shane Doan 60 1 2 2
2 Kyle Wellwood Mark Bell 40 1 2 2
Penalty Kill 4 Players Defense
Defense Defense Time % Phy DF OF
1 Steve Montador Ed Jovanovski 60 1 2 2
2 Brooks Orpik Matt Jones 40 1 2 2
Penalty Kill - 3 Players Forward
Forward Time % Phy DF OF
1 Jeff O'Neill 60 1 2 2
2 Kyle Wellwood 40 1 2 2
Penalty Kill - 3 Players Defense
Defense Defense Time % Phy DF OF
1 Steve Montador Ed Jovanovski 60 1 2 2
2 Brooks Orpik Matt Jones 40 1 2 2
4 vs 4 Forward
Center Wing Time % Phy DF OF
1 Marc Savard Simon Gagné 60 0 1 4
2 Jeff O'Neill Shane Doan 40 1 2 2
4 vs 4 Defense
Defense Defense Time % Phy DF OF
1 Steve Montador Brian Campbell 60 0 1 4
2 Scott Hannan Matt Jones 40 2 2 1
Last Minutes Offensive
Center Left Wing Right Wing Defense Defense
Marc Savard Simon Gagné Shane Doan Ed Jovanovski Brian Campbell
Last Minutes Defensive
Center Left Wing Right Wing Defense Defense
Jeff O'Neill Simon Gagné Martin St. Louis Steve Montador Brooks Orpik
Goaltenders
Starting : Chris Mason
Backup : Ray Emery
Extra Forwards
Normal : Martin St. Louis, Andrei Kostitsyn, Loui Eriksson - PP : Andrei Kostitsyn, Miroslav Satan - PK : Martin St. Louis
Extra Defensemen
Normal : Scott Hannan, Brooks Orpik, Ed Jovanovski - PP : Steve Montador - PK : Brian Campbell, Scott Hannan
Penalty Shots
Marc Savard, Simon Gagné, Martin St. Louis, Shane Doan, Loui Eriksson
% Time on Ice - Blue Jackets
Lines # - Real PCT - Wanted PCT - Time Play
Normal Forward
1 - 32% - 40% - 11:25
2 - 24% - 30% - 8:43
3 - 24% - 20% - 8:36
4 - 20% - 10% - 7:17
Normal Defense
1 - 42% - 40% - 15:14
2 - 36% - 30% - 12:58
3 - 22% - 20% - 7:49
4 - 0% - 10% - 0:00
PP Forward
1 - 56% - 60% - 5:10
2 - 44% - 40% - 4:06
PP Defense
1 - 52% - 60% - 4:51
2 - 48% - 40% - 4:25
PK Forward
1 - 80% - 60% - 6:23
2 - 20% - 40% - 1:34
PK Defense
1 - 72% - 60% - 5:43
2 - 28% - 40% - 2:14
PK3 Forward
1 - 0% - 60%
2 - 0% - 40%
PK3 Defense
1 - 0% - 60%
2 - 0% - 40%
44 Forward
1 - 84% - 60% - 5:01
2 - 16% - 40% - 0:56
44 Defense
1 - 62% - 60% - 3:40
2 - 38% - 40% - 2:17
Last Minute Offensive - 0:00
Last Minute Defensive - 0:49
Total
Forward - 60:00
Defense - 60:00
|
% Time on Ice - Flyers
Lines # - Real PCT - Wanted PCT - Time Play
Normal Forward
1 - 35% - 40% - 12:23
2 - 25% - 30% - 8:50
3 - 24% - 20% - 8:36
4 - 16% - 10% - 5:47
Normal Defense
1 - 45% - 40% - 16:08
2 - 32% - 30% - 11:16
3 - 20% - 20% - 7:11
4 - 3% - 10% - 1:01
PP Forward
1 - 56% - 60% - 4:28
2 - 44% - 40% - 3:29
PP Defense
1 - 56% - 60% - 4:25
2 - 44% - 40% - 3:32
PK Forward
1 - 74% - 60% - 6:53
2 - 26% - 40% - 2:23
PK Defense
1 - 61% - 60% - 5:39
2 - 39% - 40% - 3:37
PK3 Forward
1 - 100% - 60% - 0:06
2 - 0% - 40% - 0:00
PK3 Defense
1 - 100% - 60% - 0:06
2 - 0% - 40% - 0:00
44 Forward
1 - 75% - 60% - 4:25
2 - 25% - 40% - 1:26
44 Defense
1 - 67% - 60% - 3:54
2 - 33% - 40% - 1:57
Last Minute Offensive - 1:14
Last Minute Defensive - 0:00
Total
Forward - 60:00
Defense - 60:00
|
Play by Play
1st period
0:01 of 1st period - Vincent Lecavalier wins face-off versus Marc Savard in neutral zone.
0:04 of 1st period - Steve Montador is hit by Glen Murray and loses puck.
0:12 of 1st period - Minor Penalty to Vincent Lecavalier for Hooking.
0:13 of 1st period - Marc Savard wins face-off versus Glen Murray in Blue Jackets zone.
0:14 of 1st period - Snap shot by Martin St. Louis.
0:14 of 1st period - Stopped by Jaroslav Halak without a rebound.
0:15 of 1st period - Sergei Brylin wins face-off versus Marc Savard in Blue Jackets zone.
0:40 of 1st period - Brian Campbell is hit by Kevin Bieksa and loses puck.
2:07 of 1st period - Drew Fata is hit by Loui Eriksson and loses puck.
2:12 of 1st period - Penalty to Vincent Lecavalier is over, Vincent Lecavalier is back on ice.
2:22 of 1st period - Wrist shot by Justin Williams.
2:22 of 1st period - Stopped by Chris Mason with a rebound.
2:24 of 1st period - Slapshot by Drew Fata.
2:24 of 1st period - Stopped by Chris Mason without a rebound.
2:25 of 1st period - Kyle Wellwood wins face-off versus Daymond Langkow in Flyers zone.
2:32 of 1st period - Mark Bell is hit by Kristian Huselius and loses puck.
2:40 of 1st period - Minor Penalty to Eric Godard for Tripping.
2:41 of 1st period - Jeff O'Neill wins face-off versus David Booth in Flyers zone.
2:47 of 1st period - Icing by Vincent Lecavalier.
2:48 of 1st period - Vincent Lecavalier wins face-off versus Jeff O'Neill in Blue Jackets zone.
3:15 of 1st period - Wrist shot by Kristian Huselius.
3:15 of 1st period - Shot Misses the Net.
3:17 of 1st period - Slapshot by Derek Morris.
3:17 of 1st period - Shot Blocked by Jeff O'Neill.
3:19 of 1st period - Slapshot by Kevin Bieksa.
3:19 of 1st period - Stopped by Chris Mason with a rebound.
4:40 of 1st period - Penalty to Eric Godard is over, Eric Godard is back on ice.
4:46 of 1st period - Slapshot by Martin St. Louis.
4:46 of 1st period - Stopped by Jaroslav Halak with a rebound.
5:06 of 1st period - Drew Fata is hit by Ed Jovanovski and loses puck.
5:53 of 1st period - Shaone Morrisonn is hit by Brian Campbell and loses puck.
7:06 of 1st period - Daymond Langkow is hit by Jeff O'Neill and loses puck.
7:34 of 1st period - Minor Penalty to Eric Godard for High sticking.
7:34 of 1st period - Minor Penalty to Christian Hanson for Delaying the game.
7:35 of 1st period - Marc Savard wins face-off versus Vincent Lecavalier in Blue Jackets zone.
8:03 of 1st period - Glen Murray is hit by Marc Savard and loses puck.
8:18 of 1st period - Scott Hannan is hit by David Booth and loses puck.
9:10 of 1st period - Brad Stuart is hit by Steve Montador and loses puck.
9:34 of 1st period - Penalty to Eric Godard is over, Eric Godard is back on ice.
9:34 of 1st period - Penalty to Christian Hanson is over, Christian Hanson is back on ice.
9:34 of 1st period - Derek Morris is hit by Jeff O'Neill and loses puck.
9:41 of 1st period - Slapshot by Kevin Bieksa.
9:41 of 1st period - Stopped by Chris Mason with a rebound.
9:43 of 1st period - Wrist shot by Daymond Langkow.
9:43 of 1st period - Stopped by Chris Mason without a rebound.
9:44 of 1st period - Greg Campbell wins face-off versus Marcel Goc in Flyers zone.
9:55 of 1st period - Nick Boynton is hit by Loui Eriksson and loses puck.
10:02 of 1st period - Martin St. Louis is hit by Greg Campbell.
10:16 of 1st period - Ed Jovanovski is hit by Drew Fata and loses puck.
10:37 of 1st period - Snap shot by Kristian Huselius.
10:37 of 1st period - Stopped by Chris Mason with a rebound.
10:56 of 1st period - Wrist shot by Jeff O'Neill.
10:56 of 1st period - Stopped by Jaroslav Halak with a rebound.
11:37 of 1st period - Slapshot by Scott Hannan.
11:37 of 1st period - Shot Blocked by Jason Ward.
11:39 of 1st period - Slapshot by Scott Hannan.
11:39 of 1st period - Deflect By Mark Bell.
11:39 of 1st period - Shot Blocked by Brad Stuart.
11:39 of 1st period - Puck is out of play.
11:40 of 1st period - Vincent Lecavalier wins face-off versus Kyle Wellwood in Blue Jackets zone.
11:47 of 1st period - Wrist shot by Kyle Wellwood.
11:47 of 1st period - Deflect By Mark Bell.
11:47 of 1st period - Stopped by Jaroslav Halak without a rebound.
11:48 of 1st period - Jeff O'Neill wins face-off versus Vincent Lecavalier in Blue Jackets zone.
11:59 of 1st period - Wrist shot by Shane Doan.
11:59 of 1st period - Stopped by Jaroslav Halak without a rebound.
12:00 of 1st period - Jeff O'Neill wins face-off versus Glen Murray in Blue Jackets zone.
12:25 of 1st period - Ales Kotalik is hit by Miroslav Satan and loses puck.
13:47 of 1st period - Wrist shot by Marc Savard.
13:47 of 1st period - Deflect By Simon Gagné.
13:47 of 1st period - Goal by Simon Gagné - Blue Jackets : 0 - Flyers : 1.
13:48 of 1st period - Vincent Lecavalier wins face-off versus Marc Savard in neutral zone.
13:56 of 1st period - Minor Penalty to Steve Montador for High sticking.
13:57 of 1st period - Vincent Lecavalier wins face-off versus Jeff O'Neill in Flyers zone.
13:58 of 1st period - Wrist shot by Glen Murray.
13:58 of 1st period - Stopped by Chris Mason without a rebound.
13:59 of 1st period - Shane Doan wins face-off versus Vincent Lecavalier in Flyers zone.
15:56 of 1st period - Penalty to Steve Montador is over, Steve Montador is back on ice.
16:37 of 1st period - Michael Frolik is hit by Martin St. Louis and loses puck.
17:06 of 1st period - Snap shot by Simon Gagné.
17:06 of 1st period - Stopped by Jaroslav Halak without a rebound.
17:07 of 1st period - Marc Savard wins face-off versus Christian Hanson in Blue Jackets zone.
17:18 of 1st period - Wrist shot by Simon Gagné.
17:18 of 1st period - Stopped by Jaroslav Halak without a rebound.
17:19 of 1st period - Vincent Lecavalier wins face-off versus Jeff O'Neill in Blue Jackets zone.
17:19 of 1st period - Vincent Lecavalier is hit by Brooks Orpik.
17:29 of 1st period - Slapshot by Vincent Lecavalier.
17:29 of 1st period - Stopped by Chris Mason without a rebound.
17:29 of 1st period - Minor Penalty to Shane Doan for Hooking.
17:30 of 1st period - Jeff O'Neill wins face-off versus Vincent Lecavalier in Flyers zone.
17:39 of 1st period - Wrist shot by Glen Murray.
17:39 of 1st period - Stopped by Chris Mason without a rebound.
17:40 of 1st period - Jeff O'Neill wins face-off versus Vincent Lecavalier in Flyers zone.
18:05 of 1st period - Snap shot by Glen Murray.
18:05 of 1st period - Stopped by Chris Mason without a rebound.
18:06 of 1st period - Jeff O'Neill wins face-off versus Daymond Langkow in Flyers zone.
18:06 of 1st period - Jeff O'Neill is hit by Daymond Langkow.
18:22 of 1st period - Slapshot by Brad Stuart.
18:22 of 1st period - Shot Blocked by Andrei Kostitsyn.
18:24 of 1st period - Wrist shot by Drew Fata.
18:24 of 1st period - Stopped by Chris Mason without a rebound.
18:25 of 1st period - Glen Murray wins face-off versus Jeff O'Neill in Flyers zone.
18:52 of 1st period - Steve Montador is hit by Daymond Langkow and loses puck.
19:29 of 1st period - Penalty to Shane Doan is over, Shane Doan is back on ice.
2nd period
0:01 of 2nd period - Jeff O'Neill wins face-off versus Glen Murray in neutral zone.
0:36 of 2nd period - Snap shot by Miroslav Satan.
0:36 of 2nd period - Stopped by Jaroslav Halak with a rebound.
0:38 of 2nd period - Slapshot by Ed Jovanovski.
0:38 of 2nd period - Stopped by Jaroslav Halak with a rebound.
0:50 of 2nd period - Snap shot by Greg Campbell.
0:50 of 2nd period - Shot Blocked by Brian Campbell.
0:52 of 2nd period - Snap shot by Greg Campbell.
0:52 of 2nd period - Shot Misses the Net.
0:54 of 2nd period - Backhand shot by Kevin Bieksa.
0:54 of 2nd period - Shot Blocked by Brooks Orpik.
0:56 of 2nd period - Snap shot by Greg Campbell.
0:56 of 2nd period - Goal by Greg Campbell - Blue Jackets : 1 - Flyers : 1.
0:57 of 2nd period - Jeff O'Neill wins face-off versus Vincent Lecavalier in neutral zone.
1:13 of 2nd period - Wrist shot by Vincent Lecavalier.
1:13 of 2nd period - Stopped by Chris Mason without a rebound.
1:14 of 2nd period - Marc Savard wins face-off versus Daymond Langkow in Flyers zone.
1:14 of 2nd period - Marc Savard is hit by Daymond Langkow.
1:19 of 2nd period - Minor Penalty to Miroslav Satan for Boarding.
1:19 of 2nd period - Minor Penalty to Ales Kotalik for High sticking.
1:20 of 2nd period - Marc Savard wins face-off versus Vincent Lecavalier in neutral zone.
2:05 of 2nd period - Snap shot by Jeff O'Neill.
2:05 of 2nd period - Stopped by Jaroslav Halak with a rebound.
2:36 of 2nd period - Icing by Simon Gagné.
2:37 of 2nd period - Martin St. Louis wins face-off versus Greg Campbell in Flyers zone.
2:52 of 2nd period - Scott Hannan is hit by Sergei Brylin and loses puck.
3:14 of 2nd period - Drew Fata is hit by Simon Gagné and loses puck.
3:19 of 2nd period - Penalty to Miroslav Satan is over, Miroslav Satan is back on ice.
3:19 of 2nd period - Penalty to Ales Kotalik is over, Ales Kotalik is back on ice.
3:33 of 2nd period - Slapshot by Brian Campbell.
3:33 of 2nd period - Shot Blocked by Ales Kotalik.
5:04 of 2nd period - Snap shot by Mark Bell.
5:04 of 2nd period - Stopped by Jaroslav Halak with a rebound.
5:43 of 2nd period - Wrist shot by Miroslav Satan.
5:43 of 2nd period - Shot Blocked by Nick Boynton.
5:45 of 2nd period - Slapshot by Ed Jovanovski.
5:45 of 2nd period - Shot Misses the Net.
5:47 of 2nd period - Snap shot by Marc Savard.
5:47 of 2nd period - Stopped by Jaroslav Halak without a rebound.
5:48 of 2nd period - Jeff O'Neill wins face-off versus Vincent Lecavalier in Blue Jackets zone.
6:23 of 2nd period - Icing by Brian Campbell.
6:24 of 2nd period - Daymond Langkow wins face-off versus Marcel Goc in Flyers zone.
6:31 of 2nd period - Snap shot by Ales Kotalik.
6:31 of 2nd period - Shot Misses the Net.
6:45 of 2nd period - Wrist shot by Martin St. Louis.
6:45 of 2nd period - Shot Blocked by Kristian Huselius.
6:47 of 2nd period - Slapshot by Loui Eriksson.
6:47 of 2nd period - Stopped by Jaroslav Halak with a rebound.
6:49 of 2nd period - Wrist shot by Martin St. Louis.
6:49 of 2nd period - Stopped by Jaroslav Halak without a rebound.
6:50 of 2nd period - Vincent Lecavalier wins face-off versus Marc Savard in Blue Jackets zone.
6:57 of 2nd period - Glen Murray is hit by Matt Jones.
7:04 of 2nd period - Icing by Scott Hannan.
7:05 of 2nd period - Daymond Langkow wins face-off versus Marc Savard in Flyers zone.
7:14 of 2nd period - Wrist shot by Daymond Langkow.
7:14 of 2nd period - Stopped by Chris Mason with a rebound.
7:16 of 2nd period - Wrist shot by Ales Kotalik.
7:16 of 2nd period - Stopped by Chris Mason without a rebound.
7:17 of 2nd period - Marc Savard wins face-off versus Glen Murray in Flyers zone.
7:17 of 2nd period - Marc Savard is hit by Glen Murray.
7:23 of 2nd period - Wrist shot by Brian Campbell.
7:23 of 2nd period - Shot Blocked by Kevin Bieksa.
7:30 of 2nd period - Double Minor Penalty to Glen Murray for Slashing.
7:31 of 2nd period - Vincent Lecavalier wins face-off versus Marc Savard in Blue Jackets zone.
7:31 of 2nd period - Vincent Lecavalier is hit by Simon Gagné.
9:04 of 2nd period - Ed Jovanovski is hit by Brad Stuart and loses puck.
9:50 of 2nd period - Shaone Morrisonn is hit by Brooks Orpik.
11:23 of 2nd period - Nick Boynton is hit by Shane Doan and loses puck.
11:30 of 2nd period - Penalty to Glen Murray is over, Glen Murray is back on ice.
11:31 of 2nd period - Icing by Loui Eriksson.
11:32 of 2nd period - Greg Campbell wins face-off versus Marcel Goc in Flyers zone.
11:41 of 2nd period - Wrist shot by Justin Williams.
11:41 of 2nd period - Deflect By Greg Campbell.
11:41 of 2nd period - Stopped by Chris Mason without a rebound.
11:42 of 2nd period - Marc Savard wins face-off versus Greg Campbell in Flyers zone.
11:47 of 2nd period - Snap shot by Marc Savard.
11:47 of 2nd period - Shot Misses the Net.
12:02 of 2nd period - Snap shot by Michael Frolik.
12:02 of 2nd period - Stopped by Chris Mason without a rebound.
12:03 of 2nd period - Vincent Lecavalier wins face-off versus Kyle Wellwood in Flyers zone.
12:04 of 2nd period - Wrist shot by Glen Murray.
12:04 of 2nd period - Stopped by Chris Mason without a rebound.
12:05 of 2nd period - Vincent Lecavalier wins face-off versus Kyle Wellwood in Flyers zone.
12:32 of 2nd period - Scott Hannan is hit by Daymond Langkow and loses puck.
12:37 of 2nd period - Wrist shot by Daymond Langkow.
12:37 of 2nd period - Stopped by Chris Mason without a rebound.
12:38 of 2nd period - Jeff O'Neill wins face-off versus Daymond Langkow in Flyers zone.
12:47 of 2nd period - Snap shot by Brian Campbell.
12:47 of 2nd period - Deflect By Jeff O'Neill.
12:47 of 2nd period - Stopped by Jaroslav Halak with a rebound.
12:55 of 2nd period - Brian Campbell is hit by Brad Stuart and loses puck.
13:08 of 2nd period - Wrist shot by Greg Campbell.
13:08 of 2nd period - Stopped by Chris Mason without a rebound.
13:09 of 2nd period - Greg Campbell wins face-off versus Marc Savard in Flyers zone.
13:13 of 2nd period - Minor Penalty to Kevin Bieksa for Boarding.
13:14 of 2nd period - Vincent Lecavalier wins face-off versus Marc Savard in Blue Jackets zone.
13:21 of 2nd period - Wrist shot by Vincent Lecavalier.
13:21 of 2nd period - Stopped by Chris Mason without a rebound.
13:22 of 2nd period - Vincent Lecavalier wins face-off versus Marc Savard in Flyers zone.
13:25 of 2nd period - Snap shot by Vincent Lecavalier.
13:25 of 2nd period - Stopped by Chris Mason without a rebound.
13:26 of 2nd period - Vincent Lecavalier wins face-off versus Marc Savard in Flyers zone.
14:00 of 2nd period - Backhand shot by Scott Hannan.
14:00 of 2nd period - Deflect By Brad Stuart.
14:00 of 2nd period - Stopped by Jaroslav Halak without a rebound.
14:01 of 2nd period - Marc Savard wins face-off versus Daymond Langkow in Blue Jackets zone.
15:13 of 2nd period - Penalty to Kevin Bieksa is over, Kevin Bieksa is back on ice.
15:20 of 2nd period - Wrist shot by Sergei Brylin.
15:20 of 2nd period - Deflect By Christian Hanson.
15:20 of 2nd period - Shot Blocked by Brooks Orpik.
15:20 of 2nd period - Puck is out of play.
15:21 of 2nd period - Christian Hanson wins face-off versus Eric Godard in Flyers zone.
15:55 of 2nd period - Slapshot by Brian Campbell.
15:55 of 2nd period - Deflect By Daymond Langkow.
15:55 of 2nd period - Stopped by Jaroslav Halak without a rebound.
15:56 of 2nd period - Marc Savard wins face-off versus Vincent Lecavalier in Blue Jackets zone.
16:12 of 2nd period - Off-side.
16:13 of 2nd period - Jeff O'Neill wins face-off versus Daymond Langkow in neutral zone.
16:27 of 2nd period - Slapshot by Daymond Langkow.
16:27 of 2nd period - Shot Misses the Net.
16:29 of 2nd period - Wrist shot by Daymond Langkow.
16:29 of 2nd period - Shot Blocked by Andrei Kostitsyn.
16:39 of 2nd period - Steve Montador is hit by Derek Morris and loses puck.
17:04 of 2nd period - Snap shot by Vincent Lecavalier.
17:04 of 2nd period - Shot Misses the Net.
17:26 of 2nd period - Off-side.
17:27 of 2nd period - Marc Savard wins face-off versus Vincent Lecavalier in neutral zone.
17:40 of 2nd period - Snap shot by Simon Gagné.
17:40 of 2nd period - Stopped by Jaroslav Halak with a rebound.
17:42 of 2nd period - Wrist shot by Miroslav Satan.
17:42 of 2nd period - Stopped by Jaroslav Halak with a rebound.
17:52 of 2nd period - Ed Jovanovski is hit by Daymond Langkow and loses puck.
17:56 of 2nd period - Minor Penalty to Martin St. Louis for Holding.
17:57 of 2nd period - Vincent Lecavalier wins face-off versus Kyle Wellwood in Flyers zone.
18:02 of 2nd period - Slapshot by Vincent Lecavalier.
18:02 of 2nd period - Deflect By Glen Murray.
18:02 of 2nd period - Shot Misses the Net.
18:02 of 2nd period - Puck is out of play.
18:03 of 2nd period - Vincent Lecavalier wins face-off versus Kyle Wellwood in Flyers zone.
18:08 of 2nd period - Snap shot by Vincent Lecavalier.
18:08 of 2nd period - Stopped by Chris Mason with a rebound.
18:36 of 2nd period - Snap shot by Daymond Langkow.
18:36 of 2nd period - Shot Blocked by Ed Jovanovski.
19:00 of 2nd period - Matt Jones is hit by Daymond Langkow.
19:10 of 2nd period - David Booth is hit by Jeff O'Neill and loses puck.
19:30 of 2nd period - Icing by Brad Stuart.
19:31 of 2nd period - Daymond Langkow wins face-off versus Kyle Wellwood in Blue Jackets zone.
19:54 of 2nd period - Vincent Lecavalier is hit by Andrei Kostitsyn and loses puck.
19:56 of 2nd period - Penalty to Martin St. Louis is over, Martin St. Louis is back on ice.
3rd period
0:01 of 3rd period - Glen Murray wins face-off versus Miroslav Satan in neutral zone.
0:17 of 3rd period - Marc Savard is hit by David Booth.
0:31 of 3rd period - Wrist shot by Kevin Bieksa.
0:31 of 3rd period - Shot Blocked by Brian Campbell.
0:32 of 3rd period - Minor Penalty to Marcel Goc for Interference.
0:32 of 3rd period - Minor Penalty to Glen Murray for Roughing.
0:33 of 3rd period - Marc Savard wins face-off versus Vincent Lecavalier in Flyers zone.
0:47 of 3rd period - Snap shot by Marc Savard.
0:47 of 3rd period - Stopped by Jaroslav Halak with a rebound.
0:49 of 3rd period - Slapshot by Steve Montador.
0:49 of 3rd period - Deflect By Marc Savard.
0:49 of 3rd period - Shot Blocked by Daymond Langkow.
0:49 of 3rd period - Puck is out of play.
0:50 of 3rd period - Marc Savard wins face-off versus Vincent Lecavalier in Blue Jackets zone.
1:03 of 3rd period - Wrist shot by Simon Gagné.
1:03 of 3rd period - Shot Misses the Net.
1:32 of 3rd period - Wrist shot by Shane Doan.
1:32 of 3rd period - Stopped by Jaroslav Halak without a rebound.
1:33 of 3rd period - Marc Savard wins face-off versus Greg Campbell in Blue Jackets zone.
1:52 of 3rd period - Minor Penalty to Jeff O'Neill for Hooking.
1:53 of 3rd period - Vincent Lecavalier wins face-off versus Martin St. Louis in Flyers zone.
1:54 of 3rd period - Slapshot by Daymond Langkow.
1:54 of 3rd period - Shot Blocked by Steve Montador.
1:56 of 3rd period - Wrist shot by Kevin Bieksa.
1:56 of 3rd period - Stopped by Chris Mason with a rebound.
1:58 of 3rd period - Slapshot by Kevin Bieksa.
1:58 of 3rd period - Goal by Kevin Bieksa - Blue Jackets : 2 - Flyers : 1.
1:59 of 3rd period - Vincent Lecavalier wins face-off versus Marc Savard in neutral zone.
2:09 of 3rd period - Daymond Langkow is hit by Brian Campbell and loses puck.
2:24 of 3rd period - Steve Montador is hit by Derek Morris and loses puck.
2:32 of 3rd period - Penalty to Glen Murray is over, Glen Murray is back on ice.
3:52 of 3rd period - Penalty to Jeff O'Neill is over, Jeff O'Neill is back on ice.
4:09 of 3rd period - Miroslav Satan is hit by Shaone Morrisonn and loses puck.
4:26 of 3rd period - Slapshot by Brad Stuart.
4:26 of 3rd period - Stopped by Chris Mason without a rebound.
4:27 of 3rd period - Marcel Goc wins face-off versus Christian Hanson in Flyers zone.
5:31 of 3rd period - Slapshot by Ed Jovanovski.
5:31 of 3rd period - Stopped by Jaroslav Halak with a rebound.
6:24 of 3rd period - Slapshot by Brad Stuart.
6:24 of 3rd period - Stopped by Chris Mason without a rebound.
6:25 of 3rd period - Vincent Lecavalier wins face-off versus Marc Savard in Flyers zone.
6:33 of 3rd period - Icing by Marc Savard.
6:34 of 3rd period - Vincent Lecavalier wins face-off versus Marc Savard in Flyers zone.
7:30 of 3rd period - Icing by Brooks Orpik.
7:31 of 3rd period - Marc Savard wins face-off versus Daymond Langkow in Flyers zone.
8:09 of 3rd period - Wrist shot by Daymond Langkow.
8:09 of 3rd period - Stopped by Chris Mason with a rebound.
8:11 of 3rd period - Backhand shot by Nick Boynton.
8:11 of 3rd period - Deflect By Kristian Huselius.
8:11 of 3rd period - Shot Misses the Net.
8:11 of 3rd period - Puck is out of play.
8:12 of 3rd period - Greg Campbell wins face-off versus Jeff O'Neill in Flyers zone.
8:25 of 3rd period - Snap shot by Justin Williams.
8:25 of 3rd period - Shot Blocked by Shane Doan.
8:27 of 3rd period - Snap shot by Drew Fata.
8:27 of 3rd period - Stopped by Chris Mason with a rebound.
8:37 of 3rd period - Eric Godard is hit by Vincent Lecavalier and loses puck.
9:24 of 3rd period - Kevin Bieksa is hit by Ed Jovanovski and loses puck.
9:38 of 3rd period - Off-side.
9:39 of 3rd period - Kyle Wellwood wins face-off versus Christian Hanson in neutral zone.
9:48 of 3rd period - Slapshot by Mark Bell.
9:48 of 3rd period - Shot Blocked by Shaone Morrisonn.
9:50 of 3rd period - Wrist shot by Eric Godard.
9:50 of 3rd period - Shot Blocked by Nick Boynton.
9:52 of 3rd period - Snap shot by Mark Bell.
9:52 of 3rd period - Stopped by Jaroslav Halak with a rebound.
9:54 of 3rd period - Wrist shot by Kyle Wellwood.
9:54 of 3rd period - Deflect By Jason Ward.
9:54 of 3rd period - Stopped by Jaroslav Halak without a rebound.
9:55 of 3rd period - Vincent Lecavalier wins face-off versus Jeff O'Neill in Blue Jackets zone.
10:25 of 3rd period - Wrist shot by Daymond Langkow.
10:25 of 3rd period - Stopped by Chris Mason with a rebound.
10:29 of 3rd period - Snap shot by Kristian Huselius.
10:29 of 3rd period - Stopped by Chris Mason with a rebound.
11:44 of 3rd period - Wrist shot by Jason Ward.
11:44 of 3rd period - Stopped by Chris Mason without a rebound.
11:45 of 3rd period - Miroslav Satan wins face-off versus Vincent Lecavalier in Flyers zone.
12:10 of 3rd period - Vincent Lecavalier is hit by Martin St. Louis and loses puck.
12:35 of 3rd period - Slapshot by Glen Murray.
12:35 of 3rd period - Shot Blocked by Brian Campbell.
12:37 of 3rd period - Slapshot by Nick Boynton.
12:37 of 3rd period - Stopped by Chris Mason with a rebound.
12:39 of 3rd period - Wrist shot by Vincent Lecavalier.
12:39 of 3rd period - Stopped by Chris Mason with a rebound.
12:41 of 3rd period - Slapshot by Nick Boynton.
12:41 of 3rd period - Shot Misses the Net.
12:45 of 3rd period - Slapshot by Vincent Lecavalier.
12:45 of 3rd period - Deflect By David Booth.
12:45 of 3rd period - Stopped by Chris Mason with a rebound.
12:47 of 3rd period - Snap shot by Glen Murray.
12:47 of 3rd period - Stopped by Chris Mason with a rebound.
12:49 of 3rd period - Snap shot by Vincent Lecavalier.
12:49 of 3rd period - Stopped by Chris Mason with a rebound.
12:51 of 3rd period - Snap shot by Vincent Lecavalier.
12:51 of 3rd period - Stopped by Chris Mason without a rebound.
12:52 of 3rd period - Daymond Langkow wins face-off versus Marc Savard in Flyers zone.
13:17 of 3rd period - Michael Frolik is hit by Jeff O'Neill and loses puck.
13:57 of 3rd period - Off-side.
13:58 of 3rd period - Daymond Langkow wins face-off versus Marc Savard in neutral zone.
13:58 of 3rd period - Brad Stuart is hit by Ed Jovanovski.
14:30 of 3rd period - Icing by Andrei Kostitsyn.
14:31 of 3rd period - Greg Campbell wins face-off versus Jeff O'Neill in Flyers zone.
14:34 of 3rd period - Snap shot by Michael Frolik.
14:34 of 3rd period - Shot Misses the Net.
14:44 of 3rd period - Snap shot by Andrei Kostitsyn.
14:44 of 3rd period - Deflect By Jeff O'Neill.
14:44 of 3rd period - Stopped by Jaroslav Halak with a rebound.
14:46 of 3rd period - Slapshot by Ed Jovanovski.
14:46 of 3rd period - Shot Misses the Net.
14:48 of 3rd period - Wrist shot by Andrei Kostitsyn.
14:48 of 3rd period - Stopped by Jaroslav Halak with a rebound.
14:54 of 3rd period - Wrist shot by Andrei Kostitsyn.
14:54 of 3rd period - Stopped by Jaroslav Halak without a rebound.
14:55 of 3rd period - Vincent Lecavalier wins face-off versus Marc Savard in Blue Jackets zone.
15:00 of 3rd period - Simon Gagné is hit by David Booth.
15:08 of 3rd period - Slapshot by Marc Savard.
15:08 of 3rd period - Stopped by Jaroslav Halak with a rebound.
15:10 of 3rd period - Slapshot by Simon Gagné.
15:10 of 3rd period - Stopped by Jaroslav Halak with a rebound.
15:31 of 3rd period - Snap shot by Daymond Langkow.
15:31 of 3rd period - Shot Misses the Net.
15:43 of 3rd period - Snap shot by Brad Stuart.
15:43 of 3rd period - Stopped by Chris Mason without a rebound.
15:44 of 3rd period - Shane Doan wins face-off versus Greg Campbell in Flyers zone.
16:15 of 3rd period - Snap shot by Andrei Kostitsyn.
16:15 of 3rd period - Stopped by Jaroslav Halak without a rebound.
16:16 of 3rd period - Vincent Lecavalier wins face-off versus Marcel Goc in Blue Jackets zone.
18:11 of 3rd period - Wrist shot by Daymond Langkow.
18:11 of 3rd period - Shot Misses the Net.
18:13 of 3rd period - Snap shot by Daymond Langkow.
18:13 of 3rd period - Shot Misses the Net.
19:00 of 3rd period - Flyers, Chris Mason is pulled from the net.
19:08 of 3rd period - Snap shot by Marc Savard.
19:08 of 3rd period - Shot Misses the Net.
19:10 of 3rd period - Slapshot by Shane Doan.
19:10 of 3rd period - Stopped by Jaroslav Halak without a rebound.
19:11 of 3rd period - Michel Therrien call a timeout for Flyers.
19:11 of 3rd period - Marc Savard wins face-off versus Vincent Lecavalier in Blue Jackets zone.
19:12 of 3rd period - Slapshot by Simon Gagné.
19:12 of 3rd period - Stopped by Jaroslav Halak without a rebound.
19:13 of 3rd period - Marc Savard wins face-off versus Vincent Lecavalier in Blue Jackets zone.
19:16 of 3rd period - Wrist shot by Marc Savard.
19:16 of 3rd period - Shot Misses the Net.
Output by the SimonT Hockey Simulator (STHS) for François Prévost -- Original Page W3C XHTML 1.0 Valid